 Dungeon Crawl Stone Soup version 0.32-a0-975-g85d4e5bfdb (webtiles) character file.

Game seed: 4272782204308024326

1590 NormalPerson7 the Sneak (level 8, -1/41 (55) HPs)
             Began as an Octopode Shapeshifter on Apr 19, 2024.
             Was a Believer of Wu Jian.
             Slain by tensugalgo's ghost (7 damage)
             ... on level 6 of the Dungeon.
             The game lasted 00:19:19 (6306 turns).

NormalPerson7 the Sneak (Octopode Shapeshifter)     Turns: 6306, Time: 00:19:20

HP:   -1/41 (55)    AC:  1    Str: 19    XL:     8   Next: 92%
MP:   9/9           EV: 14    Int: 13    God:    Wu Jian [**....]
Gold: 285           SH:  0    Dex: 13    Spells: 5/9 levels left

rFire   . . .        i - +6 dagger
rCold   . . .        (no shield)
rNeg    . . .        (helmet currently unavailable)
rPois   .            (no amulet)
rElec   .            p - +6 ring of strength
rCorr   .            (no ring)
SInv    .            (no ring)
Will    .....        (no ring)
Stlth   ++++         (no ring)
HPRegen 0.26/turn    (no ring)
MPRegen 0.11/turn    (no ring)
                     (no ring)

%: no passive effects
@: exhausted, beast-form, very heavily drained
A: beast (slay +2), almost no armour, amphibious, 8 rings, camouflage 1,
gelatinous body 1, (nimble swimmer 1), tentacles
a: Begin Untransformation, Renounce Religion, Wall Jump


You were on level 6 of the Dungeon.
You worshipped Wu Jian.
Wu Jian was pleased with you.
You were a hulking beast.
You visited 1 branch of the dungeon, and saw 7 of its levels.
You also visited: Sewer.

You collected 285 gold pieces.

Inventory:

Hand Weapons
 i - a +6 dagger (weapon)
Missiles
 h - 14 boomerangs (quivered)
Jewellery
 p - a +6 ring of strength (left tentacle)
Talismans
 b - a beast talisman (active)
 c - a flux talisman
Wands
 j - a wand of roots (9)
 s - a wand of quicksilver (12)
 y - a wand of polymorph (5)
Scrolls
 e - 2 scrolls of fear
 f - a scroll of poison
 k - a scroll of vulnerability {unknown}
 l - a scroll of blinking {unknown}
 n - 2 scrolls of noise {unknown}
 o - 2 scrolls of enchant weapon
 r - a scroll of amnesia {unknown}
 t - 3 scrolls of teleportation
 x - 2 scrolls of revelation {unknown}
Potions
 a - 2 potions of lignification
 d - a potion of enlightenment
 g - a potion of ambrosia {unknown}
 m - 2 potions of might
 q - 8 potions of curing
 u - a potion of invisibility {unknown}
 v - 4 potions of mutation {unknown}
 w - a potion of heal wounds {unknown}
 z - a potion of magic {unknown}


   Skills:
 - Level 5.0 Fighting
 - Level 5.0 Dodging
 - Level 6.0 Stealth
 + Level 3.4 Unarmed Combat
 - Level 1.0 Spellcasting
 - Level 3.0 Summonings
 - Level 3.0 Translocations
 - Level 5.0 Evocations
 - Level 3.5 Shapeshifting


You had 5 spell levels left.
You knew the following spells:

 Your Spells              Type           Power      Damage    Failure   Level
i - Call Imp              Summ           16%        N/A       12%         2
X - Blink                 Tloc           16%        N/A       12%         2

Your spell library contained the following spells:

 Spells                   Type           Power      Damage    Failure   Level
 Apportation              Tloc           16%        N/A       9%          1
 Summon Small Mammal      Summ           32%        N/A       9%          1
 Kiss of Death            Conj/Necr      0%         2d5       28%         1
 Magic Dart               Conj           0%         1d3       28%         1
 Necrotise                Necr           0%         1d4       28%         1
 Sting                    Conj/Alch      0%         1d3       28%         1
 Confusing Touch          Hex            0%         N/A       63%         3
 Dispel Undead            Necr           0%         3d6       95%         4


Dungeon Overview and Level Annotations

Branches:
Dungeon (7/15)             Temple (0/1) D:7           Sewer (visited)

Altars:
Cheibriados
Trog
Wu Jian

Annotations:
D:4 1 runed translucent door, Crazy Yiuf
D:6 Menkaure; tensugalgo's ghost, novice CoGl


Innate Abilities, Weirdness & Mutations

You are a hulking beast.
Your limbs bulge with bestial killing power. (Slay +2)
You cannot wear most types of armour.
You are amphibious.
You can wear up to eight rings at the same time.
Your skin changes colour to match your surroundings (Stealth+).
Your rubbery body absorbs attacks. (AC +1, EV +1)
((You are camouflaged when in or above water. (Stealth+)))
You have tentacles for arms and can constrict up to eight enemies at once.


Message History

You hit tensugalgo's ghost.
Tensugalgo's ghost is almost destroyed.
Your supernatural speed expires.
You hit tensugalgo's ghost.
Tensugalgo's ghost is almost destroyed.
Tensugalgo's ghost hits you.
You feel drained.
Your cerulean imp hits tensugalgo's ghost with a -4 spear.
You hit tensugalgo's ghost but do no damage.
Tensugalgo's ghost is almost destroyed.
Tensugalgo's ghost completely misses you.
Your cerulean imp hits tensugalgo's ghost but does no damage.
You barely miss tensugalgo's ghost.
Tensugalgo's ghost is almost destroyed.
Tensugalgo's ghost hits you.
You feel drained.
Your cerulean imp hits tensugalgo's ghost but does no damage.
You hit tensugalgo's ghost.
Tensugalgo's ghost is almost destroyed.
Tensugalgo's ghost completely misses you.
Your cerulean imp hits tensugalgo's ghost but does no damage.
You barely miss tensugalgo's ghost.
Tensugalgo's ghost is almost destroyed.
Tensugalgo's ghost hits you.
You feel drained.
Your cerulean imp closely misses tensugalgo's ghost.
You hit tensugalgo's ghost but do no damage.
Tensugalgo's ghost is almost destroyed.
Tensugalgo's ghost hits you!
* * * LOW HITPOINT WARNING * * *
You feel drained.
* * * LOW HITPOINT WARNING * * *
Your cerulean imp hits tensugalgo's ghost but does no damage.
Aiming: Wall Jump
Press: ? - help, Dir - move target, p - tensugalgo's ghost
Okay, then.
Unknown command.
Unknown command.
You hit tensugalgo's ghost but do no damage.
Your squeeze misses tensugalgo's ghost.
Tensugalgo's ghost is almost destroyed.
Tensugalgo's ghost hits you!
You die...

... .....
#.. .....
#.#
.....###.#
.......#.#
.......+>#
.......#.#
.......#.#
........h#
........W#
######.5.#
##'##
#.~.#
#.~.#
#.~.#
#.~.# #.
#.$$#


You could see tensugalgo's ghost (ally target) and a friendly cerulean imp
(summoned).

Vanquished Creatures
  Grinder (D:6)
  Edmund (D:4)
  A water moccasin (D:5)
  2 black bears (D:5)
  A phantom (D:4)
  2 scorpions
  2 bombardier beetles (D:4)
  A hound (D:6)
  An orc priest (D:3)
  A gnoll bouda (D:3)
  3 jellies (Sewer)
  2 sleepcaps
  2 iguanas
  Natasha (thrice) (D:4)
  2 orc wizards (D:5)
  11 gnolls
  8 adders
  7 river rats (Sewer)
  5 dart slugs
  2 ribbon worms (D:3)
  11 orcs
  4 ball pythons
  9 endoplasms
  11 giant cockroaches
  4 goblins
  6 hobgoblins
  3 quokkas
  6 bats
  8 frilled lizards
  2 kobolds (D:1)
  8 rats
130 creatures vanquished.

Notes
Turn   | Place    | Note
-------+----------+-------------------------------------------
     0 | D:1      | NormalPerson7 the Octopode Shapeshifter began the quest for
                  | the Orb.
     0 | D:1      | Reached XP level 1. HP: 13/13 MP: 1/1
   129 | D:1      | Reached skill level 1 in Stealth
   225 | D:1      | Reached skill level 2 in Stealth
   225 | D:1      | Reached XP level 2. HP: 15/18 MP: 2/2
   406 | D:1      | Reached skill level 3 in Stealth
   496 | D:1      | Reached XP level 3. HP: 23/23 MP: 3/3
  1165 | D:2      | Found a faded altar of an unknown god.
  1215 | D:2      | Prayed at the altar of an unknown god.
  1215 | D:2      | Became a worshipper of the Wu Jian Council
  1215 | D:2      | Reached * piety under Wu Jian
  1580 | D:3      | Reached XP level 4. HP: 29/29 MP: 4/4
  1801 | D:3      | Found a snail-covered altar of Cheibriados.
  1822 | D:3      | Reached XP level 5. HP: 36/36 MP: 5/5
  1860 | D:3      | Reached skill level 4 in Stealth
  2313 | D:4      | Reached skill level 1 in Evocations
  2707 | D:4      | Noticed a phantom
  2723 | D:4      | Killed a phantom
  2724 | D:4      | Reached XP level 6. HP: 38/43 MP: 6/6
  3024 | D:4      | Found a bloodstained altar of Trog.
  3336 | D:4      | Noticed Edmund
  3349 | D:4      | Killed Edmund
  3350 | D:4      | Reached XP level 7. HP: 48/48 MP: 7/7
  3418 | D:4      | Noticed Natasha
  3418 | D:4      | You fall into a shaft and drop 2 floors!
  3506 | D:5      | Entered Level 5 of the Dungeon
  3552 | D:6      | Found an ornate altar of the Wu Jian Council.
  3569 | D:6      | Learned a level 2 spell: Blink
  3574 | D:6      | Noticed Menkaure
  3716 | D:5      | Found a glowing drain.
  3720 | D:5      | Reached ** piety under Wu Jian
  3735 | D:5      | Reached skill level 1 in Spellcasting
  3739 | Sewer    | Entered a sewer
  3869 | Sewer    | Reached skill level 5 in Stealth
  3924 | Sewer    | Reached skill level 1 in Summonings
  3994 | Sewer    | Found a viscous altar of Jiyva.
  4101 | D:6      | Reached *** piety under Wu Jian
  4159 | D:6      | Noticed Grinder
  4168 | D:6      | Killed Grinder
  4169 | D:6      | Reached XP level 8. HP: 36/54 MP: 9/9
  4430 | D:5      | Reached skill level 5 in Evocations
  4433 | D:5      | Learned a level 2 spell: Call Imp
  4873 | D:4      | Killed Natasha
  4874 | D:4      | Reached skill level 5 in Fighting
  4949 | D:4      | Noticed Natasha
  4952 | D:4      | Killed Natasha
  5421 | D:4      | Noticed Natasha
  5432 | D:4      | Killed Natasha
  5523 | D:4      | Found a runed translucent door.
  5524 | D:4      | Noticed Crazy Yiuf
  5580 | D:5      | Reached skill level 6 in Stealth
  5888 | D:5      | Reached skill level 5 in Dodging
  6246 | D:7      | Found a staircase to the Ecumenical Temple.
  6271 | D:6      | Found a runed translucent door.
  6275 | D:6      | Noticed tensugalgo's ghost (novice CoGl)
  6305 | D:6      | HP: 8/42 [tensugalgo's ghost (9)]
  6306 | D:6      | Slain by tensugalgo's ghost

Illustrated notes

Levels and vault maps discovered:
D:1:      nicolae_arrival_washed_ashore, layout_loops_ring, minmay_tetromino_t4
D:2:      layout_loops_ring, shapermc_ecumenical_altar_starsandcircs
D:3:      layout_loops_cross, mainiacjoe_overflow_small_starburst,
          columned_hall_lemuel
D:4:      layout_basic, mainiacjoe_overflow_paths,
          hangedman_decor_diamond_cutter, minmay_misc_feat_alley,
          chequers_decorated_corner, uniq_crazy_yiuf_cottage, uniq_natasha,
          uniq_edmund
D:5:      layout_loops_corners, gup_sewer_entry_glass
D:6:      hellmonk_ruined_rings, layout_basic, nicolae_wu_jian_wuxing_cycle,
          serial_shops, shop, ebering_ghost_reflecting_pool,
          chequers_ossuary_entry_cave, uniq_menkaure, uniq_grinder, uniq_pikel
D:7:      layout_basic, minmay_temple_entry_sparse_star, minmay_shop_grid_forest

Skill      XL: |  1  2  3  4  5  6  7  8 |
---------------+-------------------------+-----
Stealth        | 2 3 4 5 6 |  6.0
Fighting       | 2 3 4 5 |  5.0
Evocations     | 2 4 5 |  5.0
Dodging        | 4 5 |  5.0
Translocations | 2 3 |  3.0
Spellcasting   | 1 |  1.0
Summonings     | 3 |  3.0
Unarmed Combat | |  3.4
Shapeshifting  | |  3.5

Action                     |  1- 3 |  4- 6 |  7- 9 || total
---------------------------+-------+-------+-------++-------
  Melee: Dagger            |    38 |    54 |   153 ||   245
         Unarmed           |     5 |       |       ||     5
         Constrict         |     5 |    16 |    38 ||    59
         Tentacles         |     2 |    17 |    39 ||    58
  Throw: Boomerang         |       |     4 |     7 ||    11
   Cast: Call Imp          |       |       |     1 ||     1
 Invoke: Serpent's Lash    |       |       |     1 ||     1
Ability: Lunge             |     1 |    16 |    26 ||    43
         Whirlwind         |       |     1 |     4 ||     5
  Evoke: Wand              |       |       |     3 ||     3
    Use: Scroll            |     4 |     3 |       ||     7
   Stab: Sleeping          |    14 |    13 |     9 ||    36
 Armour: Skin              |    15 |    12 |    49 ||    76
  Dodge: Dodged            |    12 |    20 |    65 ||    97

Table legend: (Time is in decaauts)
 A = Elapsed time spent in this place.
 B = Non-inter-level travel time spent in this place.
 C = Inter-level travel time spent in this place.
 D = Time resting spent in this place.
 E = Time spent auto-exploring this place.
 F = Levels seen in this place.
 G = Mean time per level.
                   A        B        C        D        E       F      G
               +--------+--------+--------+--------+--------+-----+--------+
         Total |   6310 |   5602 |    708 |    898 |   2964 |   8 |  788.8 |
       Dungeon |   5976 |   5268 |    708 |    868 |   2964 |   7 |  853.7 |
         Sewer |    334 |    334 |      0 |     30 |      0 |   1 |  334.0 |
               +--------+--------+--------+--------+--------+-----+--------+

Top non-repeatable levels by time:
     D:4: 1994 daAuts
     D:5: 973 daAuts
     D:1: 808 daAuts
     D:3: 780 daAuts
     D:2: 761 daAuts
     D:6: 582 daAuts
   Sewer: 334 daAuts
     D:7: 76 daAuts
